 Dungeon Crawl Stone Soup version 0.28.0 (webtiles) character file.

Game seed: 14945009118833817907

42 lonewolfV2 the Ducker (level 3, -1/25 HPs)
             Began as a Felid Berserker on Feb 9, 2022.
             Was a Follower of Trog.
             Slain by a goblin (3 damage)
             ... led by Robin
             ... on level 1 of the Dungeon.
             The game lasted 00:02:26 (2905 turns).

lonewolfV2 the Ducker (Felid Berserker)             Turns: 2905, Time: 00:02:26

Health: -1/25      AC:  1    Str: 15    XL:     3   Next: 33%
Magic:  4/4        EV: 19    Int:  8    God:    Trog [*.....]
Gold:   30         SH:  0    Dex: 15    Spells: 2/2 levels left
                                        Lives:  0   Deaths: 0

rFire   . . .      SeeInvis +     - Unarmed
rCold   . . .      Faith    .   (shield unavailable)
rNeg    . . .      Spirit   .   (armour unavailable)
rPois   .          Reflect  .   (helmet unavailable)
rElec   .          Harm     .   (cloak unavailable)
rCorr   .          Rampage  .   (gloves unavailable)
Will    .....                   (boots unavailable)
Stlth   ..........              (no amulet)
HPRegen 0.08/turn               (no ring)
MPRegen 0.09/turn               (no ring)

@: berserking, very quick
A: very small, claws 1, fangs 3, see invisible, speed 1, shaggy fur 1, stealthy
paws, no weapons or thrown items, no armour, multi-lived
a: Renounce Religion, Berserk


You were on level 1 of the Dungeon.
You worshipped Trog.
Trog was aware of your devotion.
You visited 1 branch of the dungeon, and saw 2 of its levels.

You collected 30 gold pieces.

Inventory:

Scrolls
 b - a scroll of enchant armour
 c - a scroll of summoning {unknown}
 d - a scroll of teleportation {unknown}
Potions
 a - a potion of brilliance {unknown}


   Skills:
 + Level 3.2 Fighting
 + Level 4.8 Dodging
 + Level 0.6 Stealth
 + Level 3.7 Unarmed Combat


You had 2 spell levels left.
You didn't know any spells.
Your spell library was empty.

Dungeon Overview and Level Annotations

Branches:
Dungeon (2/15)

Altars:

Annotations:
D:2 Robin


Innate Abilities, Weirdness & Mutations

You have sharp claws.
You have razor-sharp teeth.
You have supernaturally acute eyesight. (SInv)
You cover ground quickly. (Speed+)
You are covered in fur. (AC +1)
Your paws help you pounce on unaware monsters.
You are incapable of wielding weapons or throwing items.
You cannot wear armour.
You gain extra lives every three experience levels.


Message History

You start waiting.
Done waiting.
You start waiting.
Done waiting.
You see here a +0 dagger.
There is a stone staircase leading down here.
You climb downwards.
Level annotation: Robin The goblin misses you.
The goblin completely misses you.
A goblin comes into view. It is wielding a +0 club.
The goblin misses you. The goblin barely misses you. x2
There is a stone staircase leading up, spattered with blood here.
You barely miss the goblin. You bite the goblin.
The goblin is severely wounded.
The goblin misses you.
Robin flexes a bicep menacingly.
Robin throws the goblin at you! The goblin closely misses you.
The goblin hits you with a +0 dagger. The goblin barely misses you.
You miss the goblin.
The goblin is severely wounded.
The goblin hits you with a +0 club. The goblin closely misses you.
A goblin comes into view. It is wielding a +0 dagger.
Robin roars a battlecry!
The goblins go into a battle-frenzy!
A hobgoblin comes into view.
The goblin misses you. The goblin barely misses you.
The goblin closely misses you. The goblin completely misses you.
The goblin hits you with a +0 dagger. The goblin misses you.
The goblin hits you with a +0 dagger.
* * * LOW HITPOINT WARNING * * *
You climb upwards.
There is a stone staircase leading down here.
A red film seems to cover your vision as you go berserk!
You feel yourself moving faster!
You feel mighty! The goblin barely misses you. The goblin closely misses you.
The goblin barely misses you.
You claw the goblin!
You kill the goblin!
Trog accepts your kill. The goblin hits you with a +0 club.
You die...

##.#.######.#########
##### #.#.#
#.......... ....#
#...# ###########
....# ##..# # ....#
#..########### #
....# #..#.........#
# ....#
#gg#.........# #
....# #gg#.........#
# ....#
#)@#.........# #
....# ####.........#
# ....#
#.........##### ....#
#.............#
....##
#.............#
.....#
#######..)....#
.....# #.......#
.....# #.......##
.....# #.....|.#.


You could see 4 goblins.

Vanquished Creatures
  3 ball pythons (D:1)
  2 endoplasms (D:1)
  5 giant cockroaches (D:1)
  11 goblins (D:1)
  2 hobgoblins (D:1)
  4 jackals (D:1)
  A quokka (D:1)
  2 bats (D:1)
  A frilled lizard (D:1)
  2 kobolds (D:1)
  2 rats (D:1)
35 creatures vanquished.

Notes
Turn   | Place    | Note
-------+----------+-------------------------------------------
     0 | D:1      | lonewolfV2 the Felid Berserker began the quest for the Orb.
     0 | D:1      | Reached XP level 1. HP: 10/10 MP: 2/2
   778 | D:1      | Reached XP level 2. HP: 10/14 MP: 3/3
  1968 | D:1      | Found a faded altar of an unknown god.
  1978 | D:1      | Reached XP level 3. HP: 17/17 MP: 4/4
  2376 | D:2      | Noticed Robin
  2905 | D:1      | Slain by a goblin

Illustrated notes

Levels and vault maps discovered:
D:1:      saegor_arrival_simple_b, layout_basic,
          hellmonk_ecumenical_altar_lost_god
D:2:      layout_rooms, serial_rivers, chequers_serial_rivers_small_a,
          chequers_serial_rivers_micro_c, chequers_serial_rivers_room_a,
          chequers_serial_rivers_micro_c, chequers_serial_rivers_micro_a,
          chequers_serial_rivers_micro_d, basic_altar, uniq_robin

Action                   || total
-------------------------++-------
Melee: Unarmed           ||    97
       Bite              ||     8
       Punch             ||     3
Invok: Berserk           ||     2
  Use: Scroll            ||     1
 Stab: Sleeping          ||     1
Armor: Skin              ||     1
Dodge: Dodged            ||   102
